 Dungeon Crawl Stone Soup version 0.26.0-45-g9c1d065592 (webtiles) character file.

Game seed: 5781238705447864963

284 kaeus the Sneak (level 6, -4/58 HPs)
             Began as an Octopode Enchanter on Jan 29, 2021.
             Was an Initiate of Wu Jian.
             Killed by divine providence
             ... invoked by an orc priest
              (12 damage)
             ... on level 3 of the Dungeon.
             The game lasted 00:03:32 (2737 turns).

kaeus the Sneak (Octopode Enchanter)                Turns: 2737, Time: 00:03:33

Health: -4/58      AC: 23    Str:  6 (7)  XL:     6   Next: 29%
Magic:  10/10      EV:  2    Int: 14 (17) God:    Wu Jian [......]
Gold:   61         SH:  0    Dex: 12 (15) Spells: 4/10 levels left

rFire    . . .     SeeInvis .   a - +1 dagger
rCold    + . .     Faith    .   (no shield)
rNeg     + + +     Spirit   .   (helmet currently unavailable)
rPois    +         Reflect  .   (no amulet)
rElec    .         Harm     .   g - ring of protection from cold
rCorr    .         Rampage  .   (no ring)
Will     .....     NoTele   +   (no ring)
Stlth    +++.......             (no ring)
HPRegen  0.19/turn              (no ring)
MPRegen  0.12/turn              (no ring)
                                (no ring)
                                (no ring)

@: tree-form
A: almost no armour, stealthy swim, (amphibious), 8 rings, (constrict 8)
a: Renounce Religion


You were on level 3 of the Dungeon.
You worshipped Wu Jian.
Wu Jian was noncommittal.
You were a tree.
You visited 1 branch of the dungeon, and saw 3 of its levels.

You collected 61 gold pieces.

Inventory:

Hand Weapons
 a - a +1 dagger (weapon)
Missiles
 i - 8 atropa-tipped darts
 m - 8 javelins
 n - 13 poisoned darts
Jewellery
 g - a ring of protection from cold (left branch)
Scrolls
 c - 2 scrolls of remove curse {unknown}
 d - a scroll of teleportation {unknown}
 e - a scroll of magic mapping {unknown}
 j - a scroll of amnesia {unknown}
 k - a scroll of identify {unknown}
Potions
 f - 2 potions of brilliance
 h - a potion of degeneration
 l - a potion of heal wounds {unknown}


   Skills:
 + Level 2.2 Fighting
 + Level 2.4 Short Blades
 + Level 3.0 Dodging
 + Level 5.3 Stealth
 + Level 2.9 Spellcasting
 + Level 3.9 Hexes


You had 4 spell levels left.
You knew the following spells:

 Your Spells              Type           Power        Failure   Level
a - Corona                Hex            14%          4%          1
b - Ensorcelled Hibernat  Hex/Ice        14%          14%         2
c - Dazzling Flash        Conj/Hex       14%          28%         3

Your spell library contained the following spells:

 Spells                   Type           Power        Failure   Level
 Confusing Touch          Hex            13%          13%         3
 Tukima's Dance           Hex            13%          13%         3


Dungeon Overview and Level Annotations

Branches:
Dungeon (3/15)

Altars:
Wu Jian
The Shining One


Innate Abilities, Weirdness & Mutations

You cannot wear most types of armour.
You are very stealthy in the water. (Stealth+)
((You are amphibious.))
You can wear up to eight rings at the same time.
((You can use your tentacles to constrict eight enemies at once.))
((Your skin changes colour to match your surroundings (Stealth+).))
((Your rubbery body absorbs attacks. (AC +1, EV +1)))


Message History

The orc priest is severely wounded.
The orc priest hits you but does no damage.
You closely miss the orc priest.
The orc priest is severely wounded.
The orc hits you but does no damage.
The orc priest hits you but does no damage.
You barely miss the orc priest.
The orc priest is severely wounded.
The orc hits you but does no damage.
You hit the orc priest but do no damage.
The orc priest is severely wounded.
The orc priest hits you but does no damage.
The orc hits you with a +0 club.
* * * LOW HITPOINT WARNING * * *
You take 2 damage, and have 8/58 hp.
You hit the orc priest.
The orc priest is almost dead.
The orc priest mumbles some strange prayers to Beogh against you.
Beogh smites you!
You die...

#...#...##...#
#.##########...## #
#.#.#####.#....# #.
#.#.......'....#
#.##.#######.#....#
...........#.#+##
#.######..#.#
#....oo#..#.#.##
#..###♣#.>......
#..#...#.####.###
#..#.#..........#
#oo#.#.#.####.#.#
#.o#.#.#......#
#..#.#.########
#..#.#.# #..#.#.#
#..#.#.#


You could see an orc priest and an orc.

Vanquished Creatures
  2 ogres
  A bullfrog skeleton (D:2)
  3 adders (D:2)
  A worm (D:2)
  3 dart slugs
  A leopard gecko (D:1)
  2 orcs (D:3)
  2 ball pythons (D:1)
  6 bats
  A giant cockroach (D:2)
  13 goblins
  4 hobgoblins
  6 jackals (D:2)
  3 kobolds (D:2)
  2 quokkas (D:2)
  11 frilled lizards
  3 rats (D:1)
64 creatures vanquished.

Notes
Turn   | Place    | Note
-------+----------+-------------------------------------------
     0 | D:1      | kaeus the Octopode Enchanter began the quest for the Orb.
     0 | D:1      | Reached XP level 1. HP: 11/11 MP: 3/3
   125 | D:1      | Reached XP level 2. HP: 17/17 MP: 5/5
   480 | D:1      | Learned a level 2 spell: Ensorcelled Hibernation
   561 | D:1      | Reached XP level 3. HP: 22/22 MP: 6/6
   940 | D:1      | Learned a level 3 spell: Dazzling Flash
   985 | D:2      | Reached skill level 1 in Fighting
  1041 | D:2      | Reached XP level 4. HP: 20/28 MP: 7/7
  1308 | D:2      | Noticed an ogre
  1317 | D:2      | HP: 1/28 [ogre/+0 giant club (6)]
  1321 | D:2      | Killed an ogre
  1322 | D:2      | Reached skill level 5 in Stealth
  1322 | D:2      | Reached XP level 5. HP: 2/34 MP: 0/9
  2187 | D:2      | Found an ornate altar of the Wu Jian Council.
  2198 | D:2      | Noticed a spectral centipede
  2198 | D:2      | Noticed a spectral black mamba
  2198 | D:2      | Noticed a spectral cane toad
  2331 | D:2      | Became a worshipper of the Wu Jian Council
  2602 | D:3      | Noticed an ogre
  2605 | D:3      | Killed an ogre
  2606 | D:3      | Reached XP level 6. HP: 39/39 MP: 7/10
  2644 | D:3      | Found a glowing golden altar of the Shining One.
  2737 | D:3      | Killed from afar by an orc priest

Illustrated notes

Levels and vault maps discovered:
D:1:      elethiomel_arrival_shortcut, layout_loops_corners,
          minmay_fountain_box, minmay_misc_feat_four_crosses
D:2:      layout_loops_corners, pdpol_wu_jian_five_deadly_venoms,
          minmay_pentomino_v4
D:3:      layout_basic, marbit_many_paths, lemuel_coloured_pillars_altar,
          lemuel_crystal_altar, minmay_diced_spiral, uniq_terence, uniq_robin

Skill      XL: |  1  2  3  4  5 |
---------------+----------------+-----
Fighting       | 1 2 |  2.2
Short Blades   | 2 |  2.4
Stealth        | 5 |  5.3
Dodging        | 3 |  3.0
Spellcasting   | |  2.9
Hexes          | |  3.9

Action                   |  1- 3 |  4- 6 || total
-------------------------+-------+-------++-------
Melee: Dagger            |    51 |    91 ||   142
       Constrict         |     9 |    10 ||    19
       Tentacles         |    10 |     9 ||    19
 Cast: Ensorcelled Hiber |       |     3 ||     3
Invok: Lunge             |       |     4 ||     4
  Use: Potion            |       |     4 ||     4
 Stab: Sleeping          |    19 |    12 ||    31
Armor: Skin              |     1 |    27 ||    28
Dodge: Dodged            |    21 |    36 ||    57
